 Dungeon Crawl Stone Soup version 0.21.1-1-g345015fe64 (webtiles) character file.

6438 Mrkan the Basher (level 10, -1/65 HPs)
             Began as a Gargoyle Fighter on May 4, 2018.
             Was an Elder of Zin.
             Slain by a two-headed ogre
             ... wielding a +0 giant spiked club
              (14 damage)
             ... on level 9 of the Dungeon.
             The game lasted 00:42:23 (11058 turns).

Mrkan the Basher (Gargoyle Fighter)                Turns: 11058, Time: 00:42:23

Health: -1/65      AC: 23    Str: 22    XL:     10   Next: 99%
Magic:  14/14      EV:  9    Int: 10    God:    Zin [****..]
Gold:   243        SH: 11    Dex:  9    Spells: 9/9 levels left

rFire    + . .     SeeInvis .   a - +0 flail
rCold    . . .     Gourm    .   c - +0 shield
rNeg     + . .     Faith    +   s - +2 scale mail {rF+}
rPois    ∞         Spirit   .   l - +0 helmet
rElec    +         Reflect  .   y - +0 cloak {MR+}
rCorr    +         Harm     .   x - +0 pair of gloves
MR       +....                  q - +0 pair of boots
Stlth    ..........             A - amulet of faith
HPRegen  0.20/turn              g - ring of resist corrosion
MPRegen  0.14/turn              (no ring)

@: no status effects
A: negative energy resistance 1, electricity resistance, unbreathing,
petrification resistance, rot immunity, AC +7
a: Recite, Vitalisation, Imprison, Donate Gold, Renounce Religion


You were on level 9 of the Dungeon.
You worshipped Zin.
Zin was greatly pleased with you.
You were full.

You visited 2 branches of the dungeon, and saw 10 of its levels.

You collected 416 gold pieces.
You donated 173 gold pieces to Zin.

Inventory:

Hand Weapons
 a - a +0 flail (weapon)
 G - a +5 antimagic spear
Armour
 b - a +0 scale mail
 c - a +0 shield (worn)
 l - a +0 helmet (worn)
 n - a +4 scale mail
 q - a +0 pair of boots (worn)
 s - a +2 scale mail of fire resistance (worn)
 x - a +0 pair of gloves (worn)
 y - a +0 cloak of magic resistance (worn)
 D - a +1 robe of magic resistance
Jewellery
 g - a ring of resist corrosion (left hand)
 A - an amulet of faith (around neck)
Wands
 v - a wand of disintegration (13)
 z - a wand of flame (22)
 F - a wand of scattershot (8)
Scrolls
 d - a scroll of immolation {unknown}
 e - a scroll of noise
 h - 6 scrolls of amnesia
 j - 8 scrolls of identify
 k - 2 scrolls of enchant armour
 o - 3 scrolls of teleportation
 p - 5 scrolls of remove curse
 B - a scroll of blinking
Potions
 i - 2 potions of agility
 m - 3 potions of lignification
 r - a potion of curing
 t - 4 potions of degeneration
 u - 2 potions of brilliance
Comestibles
 f - 16 rations
 w - 6 chunks of flesh


   Skills:
 * Level 8.4 Fighting
 + Level 9.1 Maces & Flails
 * Level 8.5 Armour
 - Level 1.0 Dodging
 + Level 8.5 Shields
 * Level 6.1 Invocations


You had 9 spell levels left.
You didn't know any spells.

Dungeon Overview and Level Annotations

Branches:
Dungeon (9/15)             Temple (1/1) D:4
   Lair: D:8-11         Orc: D:9-12

Altars:
Ashenzari
Cheibriados
Dithmenos
Elyvilon
Fedhas
Gozag
Hepliaklqana
Kikubaaqudgha
Makhleb
Nemelex Xobeh
Okawaru
Qazlal
Ru
Sif Muna
Trog
Uskayaw
Wu Jian
Xom
Yredelemnul
Zin
The Shining One

Shops:
D:4 [   D:6 =

Portals:
Bailey: D:9


Innate Abilities, Weirdness & Mutations

You are resistant to torment.
Your stone body is resilient. (AC +7)
You are immune to poison.
You resist negative energy. (rN+)
You are resistant to electric shocks. (rElec)
You can survive without breathing.
You are immune to petrification.
You are immune to rotting.


Message History

The two-headed ogre hits you but does no damage.
You hit the two-headed ogre.
The two-headed ogre is heavily wounded.
The two-headed ogre hits you with a giant spiked club.
You block the two-headed ogre's attack.
You barely miss the two-headed ogre.
The two-headed ogre is heavily wounded.
The two-headed ogre hits you with a giant spiked club!
The two-headed ogre hits you with a giant spiked club.
You barely miss the two-headed ogre.
The two-headed ogre is heavily wounded.
The two-headed ogre hits you with a giant spiked club!
* * * LOW HITPOINT WARNING * * *
You block the two-headed ogre's attack.
You see here 15 arrows.
You hear the loud creaking of a distant portcullis.
You block the two-headed ogre's attack. x2
The two-headed ogre barely misses you. You block the two-headed ogre's attack.
The two-headed ogre hits you with a giant spiked club!
You die...

###..###########
#.....# #.#[..#
#.##..# .# ##..## .
#....# .. #.#..# ..
#.##.## #####
#.##.##..# #.@.#
.........######.#O#
.....###........#.#
###..# ##.#######.#
#8##.# #.#..(..#.#
.....# #.^..#.##.#
....##.......#....#
....##.##..#.######
#8#### ..#.#.#


You could see a two-headed ogre.

Vanquished Creatures
  Erica (D:8)
  A two-headed ogre (D:8)
  The ghost of supermoro the Covered, a novice MiFi (D:6)
  A centaur zombie (D:7)
  A troll (D:9)
  Grinder (D:6)
  Sigmund (D:6)
  A spriggan (D:7)
  Duvessa (D:5)
  A black bear (D:6)
  4 ice beasts
  A phantom (D:8)
  A necrophage (D:7)
  A sky beast (D:8)
  3 ogres
  3 centaurs
  10 bullfrogs
  A wyvern skeleton (D:6)
  Dowan (D:5)
  4 wights (D:7)
  2 howler monkeys
  A bullfrog zombie (D:9)
  3 crimson imps
  2 orc priests
  5 jellies
  2 hounds
  A gnoll shaman (D:7)
  Crazy Yiuf (D:5)
  A bullfrog skeleton (D:8)
  11 orc wizards
  4 iguanas
  4 worker ants
  A killer bee zombie (D:8)
  2 hound skeletons
  A howler monkey zombie (D:8)
  A worker ant zombie (D:5)
  12 adders
  A howler monkey skeleton (D:8)
  12 gnolls
  2 shadow imps
  An adder skeleton (D:4)
  5 worms
  2 dart slugs
  4 leopard geckos
  33 orcs
  9 giant cockroaches
  11 goblins
  16 hobgoblins
  15 jackals
  3 quokkas
  A ball python (D:1)
  13 bats
  3 frilled lizards
  10 kobolds
  2 quokka skeletons
  8 rats
  2 fungi (D:5)
  A withered plant (D:7)
247 creatures vanquished.

Vanquished Creatures (others)
  2 bats (D:8)
  A quokka (D:8)
3 creatures vanquished.

Grand Total: 250 creatures vanquished

Notes
Turn   | Place    | Note
-------+----------+-------------------------------------------
     0 | D:1      | Mrkan the Gargoyle Fighter began the quest for the Orb.
     0 | D:1      | Reached XP level 1. HP: 14/14 MP: 1/1
    99 | D:1      | Reached XP level 2. HP: 17/19 MP: 2/2
   613 | D:1      | Reached XP level 3. HP: 23/23 MP: 3/3
  1146 | D:2      | Reached XP level 4. HP: 28/28 MP: 4/4
  1148 | D:2      | Reached skill level 1 in Dodging
  1580 | D:2      | Reached skill level 3 in Maces & Flails
  1757 | D:2      | Reached XP level 5. HP: 33/33 MP: 5/5
  3370 | D:4      | Found a staircase to the Ecumenical Temple.
  3386 | D:4      | Reached XP level 6. HP: 33/38 MP: 6/6
  3481 | D:4      | Reached skill level 4 in Maces & Flails
  3788 | Temple   | Entered the Ecumenical Temple
  4074 | Temple   | Became a worshipper of Zin the Law-Giver
  4074 | Temple   | Reached * piety under Zin
  4237 | D:4      | Found Unej's Armour Shoppe.
  4372 | D:5      | Entered Level 5 of the Dungeon
  4419 | D:5      | Reached skill level 5 in Armour
  4707 | D:5      | Found a shattered altar of Ashenzari.
  4858 | D:5      | Noticed Dowan
  4899 | D:5      | Killed Dowan
  4899 | D:5      | Reached XP level 7. HP: 44/44 MP: 7/7
  4908 | D:5      | Noticed Duvessa
  4981 | D:5      | Killed Duvessa
  4981 | D:5      | Reached skill level 5 in Shields
  5322 | D:5      | Reached ** piety under Zin
  5462 | D:5      | Found a runed door.
  5466 | D:5      | Noticed Crazy Yiuf
  5470 | D:5      | Killed Crazy Yiuf
  5593 | D:6      | Reached skill level 5 in Fighting
  5664 | D:6      | Reached skill level 5 in Maces & Flails
  5786 | D:6      | Found Cosk's Jewellery Shop.
  5818 | D:6      | Reached skill level 1 in Invocations
  5935 | D:6      | Reached XP level 8. HP: 49/49 MP: 8/8
  5951 | D:6      | Noticed Grinder
  5969 | D:6      | Killed Grinder
  6059 | D:6      | Noticed Sigmund
  6079 | D:6      | Killed Sigmund
  6079 | D:6      | Reached skill level 6 in Maces & Flails
  6172 | D:6      | Found a glowing silver altar of Zin.
  6208 | D:6      | Found a snail-covered altar of Cheibriados.
  6242 | D:6      | Found a blossoming altar of Fedhas.
  6310 | D:6      | Noticed supermoro's ghost (novice MiFi)
  6359 | D:6      | Killed supermoro's ghost
  6359 | D:6      | Reached XP level 9. HP: 19/55 MP: 9/11
  6570 | D:6      | Reached skill level 7 in Maces & Flails
  7064 | D:7      | Found an iron altar of Okawaru.
  7767 | D:7      | Reached *** piety under Zin
  8033 | D:7      | Found a basalt altar of Yredelemnul.
  8070 | D:7      | Donated 132 gold pieces to Zin
  8154 | D:7      | Found a burning altar of Makhleb.
  8163 | D:7      | Reached skill level 8 in Maces & Flails
  8163 | D:7      | Reached XP level 10. HP: 52/63 MP: 13/13
  8456 | D:7      | Reached skill level 5 in Invocations
  8798 | D:8      | Found a white marble altar of Elyvilon.
  8992 | D:8      | Noticed a two-headed ogre
  9018 | D:8      | Killed a two-headed ogre
  9459 | D:8      | Noticed Erica
  9606 | D:8      | Killed Erica
 10149 | D:8      | Reached **** piety under Zin
 10309 | D:8      | Reached skill level 9 in Maces & Flails
 10317 | D:8      | Found an ancient bone altar of Kikubaaqudgha.
 10733 | D:9      | Found a stormy altar of Qazlal.
 10849 | D:9      | Found a flagged portal.
 11031 | D:9      | Noticed a two-headed ogre
 11058 | D:9      | Slain by a two-headed ogre

Skill      XL: |  1  2  3  4  5  6  7  8  9 10 |
---------------+-------------------------------+-----
Dodging        | 1 |  1.0
Armour         | 4 5 6 7 8 |  8.5
Maces & Flails | 3 4 5 6 8 9 |  9.1
Shields        | 4 5 6 7 8 |  8.5
Fighting       | 4 5 6 7 8 |  8.4
Invocations    | 1 3 4 6 |  6.1

Action                   |  1- 3 |  4- 6 |  7- 9 | 10-12 || total
-------------------------+-------+-------+-------+-------++-------
Melee: Flail             |   131 |   398 |   459 |   454 ||  1442
Invok: Vitalisation      |       |       |     1 |     1 ||     2
       Recite            |       |       |     1 |     3 ||     4
       Donate Gold       |       |       |     1 |       ||     1
  Use: Scroll            |       |     7 |     4 |     7 ||    18
       Potion            |       |     2 |     3 |     3 ||     8
  Eat: Chunk             |     1 |     9 |     8 |     2 ||    20
       Ration            |       |     1 |     1 |     4 ||     6
Armor: Scale mail        |   111 |   279 |   236 |   235 ||   861
Dodge: Dodged            |    47 |   154 |   117 |   156 ||   474
Block: Shield            |    88 |   262 |   237 |   262 ||   849
